 Dungeon Crawl Stone Soup version 0.30-a0-297-g0ec75d9ef4 (webtiles) character file.

Game seed: 14639631834463472901

96 themarg the Trooper (level 4, -2/66 HPs)
             Began as a Hill Orc Monk on Oct 18, 2022.
             Was a Follower of Beogh.
             Slain by a gnoll sergeant
             ... wielding a +0 trident
              (11 damage)
             ... on level 4 of the Dungeon.
             The game lasted 00:11:48 (3082 turns).

themarg the Trooper (Hill Orc Monk)                 Turns: 3082, Time: 00:11:48

Health: -2/66      AC:  9    Str: 15    XL:     4   Next: 67%
Magic:  4/4        EV: 10    Int: 10    God:    Beogh [*.....]
Gold:   165        SH:  0    Dex: 13    Spells: 3/3 levels left

rFire   . . .      SeeInvis .    u - +0 war axe
rCold   + . .      Faith    .    (no shield)
rNeg    . . .      Spirit   .    l - +2 scale mail {rC+}
rPois   .          Reflect  .    (no helmet)
rElec   .          Harm     .    j - +0 cloak
rCorr   +          Rampage  .    (no gloves)
Will    .....                    (no boots)
Stlth   ..........               (no amulet)
HPRegen 0.31/turn                o - ring of resist corrosion
MPRegen 0.09/turn                (no ring)

@: berserking, very quick
A: no striking features
a: Renounce Religion


You were on level 4 of the Dungeon.
You worshipped Beogh.
Beogh was aware of your devotion.
You visited 1 branch of the dungeon, and saw 4 of its levels.

You collected 165 gold pieces.

Inventory:

Hand Weapons
 a - a +0 hand axe
 u - a +0 war axe (weapon)
Missiles
 f - 49 stones (quivered)
 i - 6 boomerangs
 n - 3 javelins
 s - 3 curare-tipped darts
Armour
 j - a +0 cloak (worn)
 l - a +2 scale mail of cold resistance (worn)
 x - a +0 pair of boots
Jewellery
 o - a ring of resist corrosion (left hand)
Wands
 v - a wand of charming (12)
Scrolls
 b - a scroll of identify
 m - a scroll of fear {unknown}
 p - a scroll of immolation {unknown}
 r - a scroll of teleportation {unknown}
 t - a scroll of noise {unknown}
 w - a scroll of summoning {unknown}
Potions
 d - 2 potions of flight
 e - 2 potions of might
 g - a potion of curing
 k - a potion of lignification {unknown}
 q - a potion of invisibility {unknown}


   Skills:
 * Level 6.1 Fighting
 - Level 4.0 Axes
 - Level 2.4 Dodging
 - Level 2.0 Stealth


You had 3 spell levels left.
You didn't know any spells.
Your spell library contained the following spells:

 Spells                   Type           Power      Damage    Failure   Level
 Borgnjor's Revivificati  Necr           0%         N/A       100%        8
 Necromutation            Tmut/Necr      0%         N/A       100%        8
 Death's Door             Necr           0%         N/A       100%        9


Dungeon Overview and Level Annotations

Branches:
Dungeon (4/15)
 Temple: D:4-7

Altars:
Ashenzari
Makhleb
Trog
Uskayaw
Zin


Message History

You bump into the rock wall.
The gnoll sergeant hits you from afar with a +0 trident!
You bump into the rock wall.
The gnoll sergeant hits you from afar with a +0 trident.
The gnoll hits you but does no damage. The gnoll sergeant barely misses you.
The gnoll hits you from afar with a +0 halberd!
You feel less invigorated.
You feel less confused. The gnoll sergeant closely misses you.
The gnoll hits you but does no damage.
The gnoll sergeant hits you but does no damage.
The gnoll closely misses you.
You closely miss the gnoll sergeant.
The gnoll sergeant is lightly wounded.
The gnoll hits you from afar with a +0 halberd!
The gnoll sergeant closely misses you.
The gnoll hits you from afar with a +0 halberd!
* * * LOW HITPOINT WARNING * * *
It was a potion of curing.
You feel better. The gnoll barely misses you.
The gnoll sergeant hits you but does no damage.
The gnoll closely misses you.
It was a potion of berserk rage.
A red film seems to cover your vision as you go berserk!
You feel yourself moving faster!
You feel mighty!
The gnoll hits you from afar with a +0 halberd.
* * * LOW HITPOINT WARNING * * *
The gnoll sergeant hits you with a +0 trident.
* * * LOW HITPOINT WARNING * * *
The gnoll hits you but does no damage.
You barely miss the gnoll sergeant.
The gnoll sergeant is lightly wounded.
The gnoll hits you but does no damage.
The gnoll sergeant hits you but does no damage.
The gnoll hits you from afar with a +0 halberd.
* * * LOW HITPOINT WARNING * * *
You slash the gnoll sergeant!
The gnoll sergeant is heavily wounded.
The gnoll hits you but does no damage.
The gnoll sergeant hits you with a +0 trident!
You die...

.......##
##...####
...... #..##
...# ... ##
..## .. #.g#
.. #gg# #. ##
#g# #.. #@#
.###..# #.#
..#....#
#.### ...#
#.. #...####
#..# #
###....##...#
# ####.....#
# ##....# ##
##...## ##.
##.....# ##..


You could see a gnoll sergeant and 3 gnolls.

Vanquished Creatures
  4 adders
  A dart slug (D:3)
  An orc (D:4)
  5 bats
  5 endoplasms
  5 giant cockroaches
  6 goblins
  2 hobgoblins
  2 jackals (D:2)
  3 kobolds
  3 quokkas (D:1)
  8 ball pythons
  2 frilled lizards
  4 rats
51 creatures vanquished.

Notes
Turn   | Place    | Note
-------+----------+-------------------------------------------
     0 | D:1      | themarg the Hill Orc Monk began the quest for the Orb.
     0 | D:1      | Reached XP level 1. HP: 19/19 MP: 1/1
   101 | D:1      | Reached skill level 4 in Fighting
   121 | D:1      | Reached XP level 2. HP: 23/27 MP: 2/2
   698 | D:1      | Found a faded altar of an unknown god.
  1143 | D:1      | Reached XP level 3. HP: 32/34 MP: 3/3
  1578 | D:2      | Reached skill level 5 in Fighting
  2183 | D:3      | Reached XP level 4. HP: 44/44 MP: 4/4
  2229 | D:3      | Found a hide-covered altar of Uskayaw.
  2259 | D:3      | Found a glowing silver altar of Zin.
  2357 | D:3      | Found a broken altar of Ashenzari.
  2384 | D:3      | Found a bloodstained altar of Trog.
  2638 | D:3      | Found a burning altar of Makhleb.
  2729 | D:4      | Reached skill level 6 in Fighting
  2989 | D:4      | Became a worshipper of Beogh the Brigand
  2989 | D:4      | Reached * piety under Beogh
  2989 | D:4      | Reached ** piety under Beogh
  3057 | D:4      | Noticed a gnoll sergeant
  3082 | D:4      | Slain by a gnoll sergeant

Illustrated notes

Levels and vault maps discovered:
D:1:      lightli_molten_gateway, layout_basic,
          dilly_ecumenical_altar_fadedgnrine, minmay_box_of_dots
D:2:      layout_loops_cross
D:3:      layout_rooms, general_overflow_altar, ashenzari_altar_1,
          mainiacjoe_overflow_small_starburst, nicolae_overflow_squiral
D:4:      layout_layer_cave

Skill      XL: |  1  2  3  4 |
---------------+-------------+-----
Fighting       | 4 5 6 |  6.1
Stealth        | 2 |  2.0
Axes           | |  4.0
Dodging        | |  2.4

Action                   |  1- 3 |  4- 6 || total
-------------------------+-------+-------++-------
Melee: Hand axe          |   132 |    16 ||   148
       Punch             |     2 |       ||     2
       War axe           |       |    19 ||    19
Invok: Smiting           |       |     1 ||     1
       Convert to Beogh  |       |     1 ||     1
  Use: Potion            |       |     3 ||     3
       Scroll            |       |     2 ||     2
 Stab: Distracted        |     1 |       ||     1
       Sleeping          |     5 |       ||     5
Armor: Robe              |     7 |       ||     7
       Leather armour    |     5 |       ||     5
       Scale mail        |    39 |    26 ||    65
Dodge: Dodged            |    70 |    23 ||    93

Table legend: (Time is in decaauts)
 A = Elapsed time spent in this place.
 B = Non-inter-level travel time spent in this place.
 C = Inter-level travel time spent in this place.
 D = Time resting spent in this place.
 E = Time spent auto-exploring this place.
 F = Levels seen in this place.
 G = Mean time per level.
                   A        B        C        D        E       F      G
               +--------+--------+--------+--------+--------+-----+--------+
         Total |   3099 |   3014 |     85 |    122 |   2238 |   4 |  774.8 |
       Dungeon |   3099 |   3014 |     85 |    122 |   2238 |   4 |  774.8 |
               +--------+--------+--------+--------+--------+-----+--------+

Top non-repeatable levels by time:
     D:1: 1404 daAuts
     D:2: 710 daAuts
     D:3: 604 daAuts
     D:4: 380 daAuts
